AoeStats
← Salted Sugar

Arabia

507654111Analyzed
2v2 RM · 14d ago on Sep 19, 2026· 29m 12s· 4 players
Game mode
Random Map
Map size
Medium (4 player)
Population
200
Speed
Normal
Resources
Standard
Victory
Conquest
Starting age
Dark Age
Ending age
Imperial Age
RankedLock teamsTeams togetherTeam positionsShared explorationLock speedFull tech treeHidden civsTurbo modeCheats
Victory
Defeat
🇯🇵 Aztecs · Japan
931
+17
🇦🇷 Burgundians · Argentina
894
+18
🇦🇺 Franks · Australia
983
-19
🇦🇺 Romans · Australia
897
-16
valenco
6:20 Double-Bit Axe
8:13 Loom
11:03 Feudal Age
10:06 Horse Collar
18:56 Castle Age
17:37 Bow Saw
18:57 Heavy Plow
23:17 Cavalier
26:05 Husbandry
28:35 Forging
knight
7:38 Loom
10:30 Feudal Age
11:01 Man-at-Arms
14:49 Forging
14:40 Scale Mail Armor
20:43 Castle Age
19:19 Arson
21:58 Double-Bit Axe
22:52 Eagle Warrior
23:34 Squires
24:35 Horse Collar
29:03 Pikeman
30:23 Iron Casting
DisherSum
12:06 Feudal Age
10:28 Loom
16:27 Double-Bit Axe
20:00 Scale Barding Armor
22:27 Castle Age
22:17 Wheelbarrow
22:13 Scale Barding Armor
23:45 Gold Mining
26:59 Forging
28:24 Husbandry
29:15 Chain Barding Armor
Salted Sugar
11:38 Feudal Age
11:05 Loom
20:29 Castle Age
18:15 Horse Collar
18:22 Double-Bit Axe
18:32 Gold Mining
19:27 Stone Mining
19:43 Scale Mail Armor
21:19 Wheelbarrow
21:46 Squires
23:03 Man-at-Arms
23:04 Pikeman
24:50 Long Swordsman
25:48 Chain Mail Armor
25:44 Forging
26:27 Gold Shaft Mining
26:03 Bow Saw
27:25 Scale Barding Armor
Connection lost

Rejoining the realm…

Still unreachable

The connection could not be restored.

Session expired

The server has moved on; the page needs a fresh start.